 Dungeon Crawl Stone Soup version 0.27-a0-1431-gcffa5a9b16 (webtiles) character file.

Game seed: 3035757507766178850

443 Wyvernaa the Covered (level 6, -14/48 HPs)
             Began as a Demonspawn Fighter on July 2, 2021.
             Demolished by an ogre (23 damage)
             ... on level 4 of the Dungeon.
             The game lasted 00:07:11 (3080 turns).

Wyvernaa the Covered (Demonspawn Fighter)           Turns: 3080, Time: 00:07:12

Health: -14/48     AC:  8    Str: 18    XL:     6   Next: 71%
Magic:  6/6        EV:  7    Int: 12    God:
Gold:   153        SH:  9    Dex: 15    Spells: 5/5 levels left

rFire    . . .     SeeInvis +   h - +2 dagger (drain)
rCold    . . .     Faith    .   c - +0 kite shield
rNeg     . . .     Spirit   .   b - +0 scale mail
rPois    .         Reflect  .   k - +1 hat {Int+3}
rElec    .         Harm     .   (no cloak)
rCorr    .         Rampage  .   (no gloves)
Will     .....                  (no boots)
Stlth    ++........             (no amulet)
HPRegen  0.16/turn              j - ring of see invisible
MPRegen  0.10/turn              (no ring)

@: mighty
A: thin skeletal structure 1, foul stench 1, powered by death 1
a: no special abilities


You were on level 4 of the Dungeon.
You visited 1 branch of the dungeon, and saw 4 of its levels.

You collected 153 gold pieces.

Inventory:

Hand Weapons
 a - a +0 rapier
 h - a +2 dagger of draining (weapon)
Armour
 b - a +0 scale mail (worn)
 c - a +0 kite shield (worn)
 k - a +1 hat of intelligence (worn)
Jewellery
 i - a ring of ice
 j - a ring of see invisible (left hand)
Scrolls
 l - a scroll of fog
Potions
 e - 2 potions of curing {unknown}
 g - 3 potions of attraction
 m - a potion of flight {unknown}


   Skills:
 + Level 3.7 Fighting
 + Level 3.7 Short Blades
 + Level 3.8 Armour
 + Level 1.3 Dodging
 * Level 2.8 Stealth
 + Level 3.7 Shields


You had 5 spell levels left.
You didn't know any spells.
Your spell library contained the following spells:

 Spells                   Type           Power      Damage    Failure   Level
 Summon Small Mammal      Summ           0%         N/A       99%         1
 Call Canine Familiar     Summ           0%         N/A       100%        3
 Dazzling Flash           Conj/Hex       0%         N/A       100%        3
 Summon Guardian Golem    Hex/Summ       0%         N/A       100%        3
 Iskenderun's Mystic Bla  Conj/Tloc      0%         2d3       100%        4
 Starburst                Conj/Fire      0%         8x6d3     100%        6


Dungeon Overview and Level Annotations

Branches:
Dungeon (4/15)
 Temple: D:4-7

Altars:

Shops:
D:1 *


Innate Abilities, Weirdness & Mutations

You have a somewhat thin skeletal structure. (Dex +2, Stealth+)
You may rarely emit foul miasma when damaged in melee.
You regenerate a little health from kills.


Message History

You closely miss the phantom.
The phantom is severely damaged.
The phantom barely misses you. The orc hits you with a +0 flail.
You hit the phantom.
The phantom is severely damaged.
The phantom hits you. The orc barely misses you.
You hit the phantom.
The phantom is severely damaged.
The phantom closely misses you. The orc hits you with a +0 flail.
You emit a cloud of foul miasma!
You hit the phantom.
The phantom is almost destroyed.
The phantom completely misses you.
The orc is engulfed in dark miasma.
The orc is poisoned.
You kill the orc!
You hit the phantom.
The phantom is almost destroyed.
The phantom hits you.
You hit the phantom.
The phantom is almost destroyed.
The phantom hits you.
You hit the phantom.
The phantom is almost destroyed.
The phantom hits you but does no damage.
The orc barely misses you. The phantom hits you.
The phantom blinks!
You blink.
You hit the phantom but do no damage.
The phantom is almost destroyed.
The orc closely misses you. The phantom hits you.
The phantom blinks!
You blink.
Found a potion of heal wounds.
You barely miss the phantom.
The phantom is almost destroyed.
The ogre shouts!
You block the ogre's attack. The phantom hits you!
* * * LOW HITPOINT WARNING * * *
You emit a cloud of foul miasma!
The orc reads a scroll.
Wisps of shadow swirl around the orc.
You feel very mighty all of a sudden.
The ogre hits you with a +0 giant club!!
You die...

#....o. #...# ##......
+...! . ....... #...# .#
#)..... #...# ...# #o##
#..(#....# #..#
#...#....####o.####
+...'.............. ##
#.@.# .##.#.##.o###
#...WO## .# #....o.o.
#.###.# .# .#####..##
#.#<..###.##.# ......
#####............#.####.##
........o........# #+#
.........o§......#
.........o)w.....#
.......!§).......#


You could see a phantom, an ogre, a worm (summoned), an orc wizard (summoned,
wandering) and 2 orcs.

Vanquished Creatures
  Sigmund (D:3)
  A black bear (D:4)
  Jessica (D:3)
  Natasha (thrice) (D:3)
  A howler monkey zombie (D:4)
  3 adders
  A worm (D:1)
  A dart slug (D:3)
  2 orcs (D:4)
  3 endoplasms
  3 giant cockroaches (D:2)
  13 goblins
  6 hobgoblins
  3 ball pythons
  4 bats
  2 frilled lizards
  7 kobolds
  6 rats
61 creatures vanquished.

Notes
Turn   | Place    | Note
-------+----------+-------------------------------------------
     0 | D:1      | Wyvernaa the Demonspawn Fighter began the quest for the
                  | Orb.
     0 | D:1      | Reached XP level 1. HP: 18/18 MP: 1/1
   428 | D:1      | Gained mutation: You have a somewhat thin skeletal
                  | structure. (Dex +2, Stealth+) [demonic ancestry]
   428 | D:1      | Reached XP level 2. HP: 20/24 MP: 2/2
   503 | D:1      | Found a faded altar of an unknown god.
   527 | D:1      | Found Fapian's General Store.
  1139 | D:2      | Reached XP level 3. HP: 21/29 MP: 3/3
  1763 | D:2      | Reached skill level 1 in Stealth
  2028 | D:3      | Noticed Sigmund
  2080 | D:3      | Gained mutation: You regenerate a little health from kills.
                  | [demonic ancestry]
  2080 | D:3      | Reached XP level 4. HP: 34/34 MP: 4/4
  2170 | D:3      | Noticed Natasha
  2181 | D:3      | Killed Natasha
  2271 | D:3      | Killed Sigmund
  2272 | D:3      | Reached skill level 1 in Dodging
  2272 | D:3      | Gained mutation: You may rarely emit foul miasma when
                  | damaged in melee. [demonic ancestry]
  2272 | D:3      | Reached XP level 5. HP: 30/41 MP: 5/5
  2468 | D:3      | Noticed Jessica
  2481 | D:3      | Killed Jessica
  2482 | D:3      | Reached XP level 6. HP: 45/47 MP: 6/6
  2765 | D:3      | Noticed Natasha
  2772 | D:3      | Killed Natasha
  2784 | D:3      | Noticed Natasha
  2797 | D:3      | Killed Natasha
  3080 | D:4      | Demolished by an ogre

Illustrated notes

Levels and vault maps discovered:
D:1:      onia_arrival_mini_maze_b, layout_basic,
          chequers_ecumenical_altar_grove, serial_shops, nicolae_square_shop
D:2:      layout_rooms, grunt_ministairs_10, eino_tiny_chamber, minmay_tall_x
D:3:      layout_basic, uniq_natasha, uniq_sigmund, uniq_jessica
D:4:      layout_basic, kennysheep_generic_room_12, uniq_robin

Skill      XL: |  1  2  3  4 |
---------------+-------------+-----
Armour         | 3 |  3.8
Short Blades   | 2 3 |  3.7
Shields        | 3 |  3.7
Stealth        | 1 2 |  2.8
Dodging        | 1 |  1.3
Fighting       | |  3.7

Action                   |  1- 3 |  4- 6 || total
-------------------------+-------+-------++-------
Melee: Rapier            |   107 |       ||   107
       Dagger            |    31 |    89 ||   120
  Use: Scroll            |     7 |     1 ||     8
       Potion            |       |     4 ||     4
 Stab: Sleeping          |       |     2 ||     2
Armor: Scale mail        |    61 |    21 ||    82
Dodge: Dodged            |    40 |    22 ||    62
Block: Kite shield       |    54 |    29 ||    83

Table legend: (Time is in decaauts)
 A = Elapsed time spent in this place.
 B = Non-inter-level travel time spent in this place.
 C = Inter-level travel time spent in this place.
 D = Time resting spent in this place.
 E = Time spent auto-exploring this place.
 F = Levels seen in this place.
 G = Mean time per level.
                   A        B        C        D        E       F      G
               +--------+--------+--------+--------+--------+-----+--------+
         Total |   3142 |   3050 |     92 |    540 |   1782 |   4 |  785.5 |
       Dungeon |   3142 |   3050 |     92 |    540 |   1782 |   4 |  785.5 |
               +--------+--------+--------+--------+--------+-----+--------+

Top non-repeatable levels by time:
     D:3: 1079 daAuts
     D:1: 992 daAuts
     D:2: 964 daAuts
     D:4: 106 daAuts
